[Event "*** Titled Tuesday Blitz"]
[Site "Chess.com"]
[Date "2020.05.19"]
[Round "2"]
[White "tufferguy"]
[Black "IngOscarArdila"]
[Result "1-0"]
[WhiteElo "2377"]
[BlackElo "2028"]
[TimeControl "180+1"]
[EndTime "12:18:51 PDT"]
[Termination "tufferguy won by checkmate"]

1. e4 e5 2. Nf3 Nf6 3. Nxe5 d6 4. Nf3 Nxe4 5. Nc3 Nf6 6. d4 Be7 7. Bf4 O-O 8. Qd2 Nbd7 9. O-O-O Re8 10. h3 Nb6 11. g4 Nbd5 12. Nxd5 Nxd5 13. Bg3 Nf6 14. Bd3 d5 15. Rde1 Ne4 16. Bxe4 dxe4 17. Rxe4 Qd5 18. Qe2 Be6 19. c4 Qxc4+ 20. Qxc4 Bxc4 21. Rhe1 Kf8 22. Ne5 Be6 23. d5 f6 24. dxe6 fxe5 25. Bxe5 c6 26. Rf4+ Kg8 27. Rf7 Bf8 28. Bc3 Rxe6 29. Rxf8+ Rxf8 30. Rxe6 Rxf2 31. Re7 g6 32. Rg7+ Kf8 33. Rxb7 h5 34.
gxh5 gxh5 35. Rh7 Rf5 36. Rxa7 Ke8 37. Rh7 Kd8 38. Rh8+ Kd7 39. a4 Ke6 40. Kc2 Kd5 41. a5 Kc4 42. a6 Rf2+ 43. Bd2 Rf7 44. Rxh5 Ra7 45. Ra5 c5 46. h4 Kd5 47. h5 Kc6 48. h6 Kb6 49. h7 Rxh7 50. a7 Rxa7 51. Rxa7 Kxa7 52. Kb3 Kb6 53. Kc4 Kc6 54. Be3 Kd6 55.
Bxc5+ Kc6 56. b4 Kb7 57. b5 Kc7 58. Kd5 Kb7 59. Kd6 Kc8 60. Kc6 Kb8 61. b6 Kc8 62.
b7+ Kb8 63. Bd6+ Ka7 64. b8=Q+ Ka6 65. Qb6# 1-0

[Event "*** Titled Tuesday Blitz"]
[Site "Chess.com"]
[Date "2020.05.19"]
[Round "2"]
[White "SharapovEvgeny"]
[Black "Nellichka"]
[Result "1-0"]
[WhiteElo "2369"]
[BlackElo "1996"]
[TimeControl "180+1"]
[EndTime "12:18:51 PDT"]
[Termination "SharapovEvgeny won on time"]

1. e4 e6 2. d4 d5 3. Nc3 Bb4 4. e5 c5 5. a3 Bxc3+ 6. bxc3 Ne7 7. Nf3 Qa5 8. Bd2 Nbc6 9. Be2 Qa4 10. Qb1 a6 11. Qb3 b5 12. Qxa4 bxa4 13. Rb1 h5 14. O-O Nf5 15. dxc5 Nfe7 16. Rb6 Kd7 17. c4 Ng6 18.
cxd5 exd5 19. Bc3 Re8 20. Re1 Kc7 21. Bd3 Nf4 22. Bf1 Ne6 23. Rbb1 d4 24. Ba1 Bb7 25. Red1 Rad8 26. Bc4 Nxc5 27. Bxf7 Re7 28. Bxh5 Nxe5 29. Nxd4 Nc4 30. Nf5 Red7 31. Rxd7+ Rxd7 32. Nxg7 Nxa3 33. Rc1 Ne4 34. Ne6+ Kb8 35. Bf3 Nd2 36. Bxb7 Rxb7 37. Nc5 Rb4 38. Bc3 Rc4 39. Nxa6+ Ka7 40. Bxd2 Kxa6 41. c3 Nb5 42. f4 a3 43. g4 a2 44. g5 Na3 45. Ra1 Nb5 46. Rxa2+ 1-0

[Event "*** Titled Tuesday Blitz"]
[Site "Chess.com"]
[Date "2020.05.19"]
[Round "2"]
[White "Artem_Sadovsky"]
[Black "gena217"]
[Result "0-1"]
[WhiteElo "2538"]
[BlackElo "2863"]
[TimeControl "180+1"]
[EndTime "12:18:52 PDT"]
[Termination "gena217 won on time"]

1. Nf3 d5 2. g3 Nd7 3. Bg2 e5 4. O-O Ngf6 5. c4 dxc4 6. Qa4 e4 7. Ng5 Qe7 8. Nc3 c6 9. Ngxe4 Nxe4 10. Nxe4 Nb6 11.
Qa5 f5 12. Nc3 g6 13. b3 Bg7 14. Bb2 O-O 15. Ba3 Qf7 16. Bxf8 Bxf8 17. Rab1 Be6 18. Rfd1 cxb3 19. axb3 Bxb3 20. Rxb3 Qxb3 21. Rb1 Qa3 22. Qe5 Qe7 23. Qa5 Nc4 24. Qa2 Qf7 25. Rxb7 Qxb7 26. Qxc4+ Kh8 27. Bxc6 Rc8 28. Qd4+ Qg7 29. Qa4 Bc5 30.
Kg2 Qd4 31. Qa6 Qxf2+ 32. Kh3 Rd8 33. Bf3 Bb6 34. Qa3 Qd4 35. Qe7 Qd6 36. Qf7 Rf8 37. Qb7 g5 38. Kg2 g4 39. Bd5 Qe5 40. e3 Bxe3 0-1

[Event "*** Titled Tuesday Blitz"]
[Site "Chess.com"]
[Date "2020.05.19"]
[Round "2"]
[White "BilodeauA"]
[Black "elohunter1999"]
[Result "1-0"]
[WhiteElo "2859"]
[BlackElo "2537"]
[TimeControl "180+1"]
[EndTime "12:18:52 PDT"]
[Termination "BilodeauA won by resignation"]

1. e4 c5 2. Nf3 Nc6 3. d4 cxd4 4. Nxd4 Nf6 5. Nc3 e5 6. Ndb5 d6 7. Nd5 Nxd5 8. exd5 Nb8 9. a4 Be7 10. Be2 O-O 11. O-O Nd7 12. Bd2 f5 13. a5 a6 14. Na3 e4 15. Nc4 Ne5 16. Nb6 Rb8 17.
f4 exf3 18. Bxf3 g5 19. g3 Bf6 20. c3 Qe8 21. Bg2 Qg6 22. Qc2 Bg7 23. Rae1 f4 24. Qxg6 Nxg6 25. gxf4 gxf4 26. Nc4 Be5 27. Nxe5 dxe5 28.
c4 Bf5 29. d6 Bd7 30. Bd5+ Kg7 31. Bc3 Kf6 32. c5 Bc6 33. Bxc6 bxc6 34. Bxe5+ Nxe5 35. Rxf4+ Ke6 36. Rh4 Kd5 37. Rh5 Rbe8 38. d7 Re7 39. d8=Q+ Rxd8 40. Rd1+ Ke4 41. Rxd8 Nf3+ 42. Kf2 Ne5 43.
Rd6 Rb7 44. Re6 Rxb2+ 45. Kg3 Rb3+ 46. Kh4 1-0

[Event "*** Titled Tuesday Blitz"]
[Site "Chess.com"]
[Date "2020.05.19"]
[Round "2"]
[White "VALPARAISO37"]
[Black "SketchyMoves"]
[Result "0-1"]
[WhiteElo "2316"]
[BlackElo "2623"]
[TimeControl "180+1"]
[EndTime "12:18:52 PDT"]
[Termination "SketchyMoves won by resignation"]

1. d4 e6 2. c4 Bb4+ 3. Nc3 c5 4. a3 Bxc3+ 5. bxc3 d6 6. e3 Nc6 7. Bd3 f5 8. Ne2 Nf6 9. O-O e5 10. f3 e4 11.
fxe4 fxe4 12. Bc2 O-O 13. h3 b6 14. Ng3 Re8 15. Rxf6 Qxf6 16. Bxe4 Bb7 17. Bd5+ Kh8 18.
e4 Na5 19. Nh5 Qh4 20. Bxb7 Nxb7 21. Nf4 Rxe4 22. Qf3 Rae8 23. Kh2 Qf6 24. Bd2 Na5 25. Qh5 Nxc4 26. Bc1 cxd4 27. cxd4 g6 28. Qh6 Qg7 29.
Qg5 Re1 30. Rb1 Ne3 31. Bxe3 Rxb1 32. Bd2 Rb3 33. d5 Qe5 34. Qh6 Rb2 35. Kh1 Kg8 36. Nxg6 Rb1+ 37. Bc1 Rxc1+ 38. Qxc1 hxg6 39. Qh6 Qe1+ 40. Kh2 Qe5+ 41. Kh1 Qg7 42. Qd2 Re4 43. Qd3 Qa1+ 44. Kh2 Qe5+ 45. Kg1 Qd4+ 46. Qe3 Qxe3+ 47. Kh2 Qf4+ 48. g3 Qf2+ 0-1

[Event "*** Titled Tuesday Blitz"]
[Site "Chess.com"]
[Date "2020.05.19"]
[Round "2"]
[White "MF1966Idrisov"]
[Black "Abund"]
[Result "1-0"]
[WhiteElo "2339"]
[BlackElo "2598"]
[TimeControl "180+1"]
[EndTime "12:18:52 PDT"]
[Termination "MF1966Idrisov won by resignation"]

1. Nf3 Nf6 2. b3 g6 3. Bb2 Bg7 4. c4 O-O 5. g3 d5 6. cxd5 Qxd5 7. Bg2 Nc6 8. O-O Qh5 9. d3 Bh3 10. Nbd2 Rad8 11. Rc1 Bxg2 12. Kxg2 Rd7 13. Rc4 Rfd8 14. Qc2 a6 15. h3 g5 16. Rc5 Rd5 17. Rxd5 Nxd5 18.
Bxg7 Kxg7 19. a3 Qg6 20. Qb2+ Qf6 21. Qxf6+ exf6 22. Rc1 Re8 23. e4 Nb6 24. d4 Rc8 25. d5 Ne7 26. Nd4 Kf8 27. Nc4 Nd7 28. f4 c5 29. Nf3 h6 30. Nd6 Rc7 31. b4 b6 32.
Nd4 Ng6 33. Kf3 Ra7 34. N4f5 Rc7 35. Nxh6 gxf4 36. gxf4 Ne7 37. Nhf5 Nxf5 38. Nxf5 c4 39. Nd6 b5 40. Kg4 Kg7 41. Ne8+ Kf8 42. Nxc7 Nb6 43.
Nxa6 1-0

[Event "*** Titled Tuesday Blitz"]
[Site "Chess.com"]
[Date "2020.05.19"]
[Round "2"]
[White "KuzubovYuriy"]
[Black "GlennTipton"]
[Result "1-0"]
[WhiteElo "2710"]
[BlackElo "2477"]
[TimeControl "180+1"]
[EndTime "12:18:53 PDT"]
[Termination "KuzubovYuriy won by resignation"]

1. d4 Nf6 2. c4 c5 3. d5 e6 4. Nc3 exd5 5. cxd5 d6 6. e4 g6 7. f4 Bg7 8. Bb5+ Nfd7 9. a4 O-O 10. Nf3 Nb6 11. O-O Bg4 12. h3 Bxf3 13. Qxf3 Na6 14.
f5 Nd7 15. Bxd7 Qxd7 16. f6 Bh8 17. e5 dxe5 18. Bh6 Rfe8 19. Rad1 Nb4 20. Ne4 Rad8 21. Bg7 Nxd5 22. Bxh8 Kxh8 23. Qg3 Qxa4 24. Ng5 Nf4 25. Nxf7+ Kg8 26. Nh6+ Kf8 27. Rde1 Rd2 28. Rf2 Qd4 29. Ng4 Ne2+ 30. Rxe2 Rxe2 31. Qh4 h5 32. f7 Qd1+ 33. Kh2 Rxf2 34. fxe8=Q+ Kxe8 35. Nxf2 Qd6 36. Ne4 Kd7 37. Nxd6 Kxd6 38. Qg5 c4 39. Qxg6+ Kd5 40. Qxh5 b5 41.
Qd1+ Kc5 42. h4 b4 43. h5 a5 44. h6 1-0

[Event "*** Titled Tuesday Blitz"]
[Site "Chess.com"]
[Date "2020.05.19"]
[Round "2"]
[White "chesslh19"]
[Black "AlexTruskavetsky"]
[Result "0-1"]
[WhiteElo "2188"]
[BlackElo "2425"]
[TimeControl "180+1"]
[EndTime "12:18:53 PDT"]
[Termination "AlexTruskavetsky won on time"]

1. e4 g6 2. d4 Bg7 3. c4 e6 4. Nc3 Ne7 5. Nf3 d5 6. Bg5 h6 7. Bxe7 Qxe7 8. cxd5 exd5 9. Nxd5 Qxe4+ 10. Qe2 Qxe2+ 11.
Bxe2 Kd8 12. O-O c6 13. Nc3 Bf5 14. Rad1 Nd7 15. d5 c5 16. Nb5 Bf8 17. d6 a6 18. Nc7 Rc8 19. Nd5 Bxd6 20. Ne3 Kc7 21. Nxf5 gxf5 22. Bc4 Rhf8 23. Nh4 Be5 24. b3 b5 25. Bd3 f4 26. Nf3 Bf6 27. Bf5 Rcd8 28. Rd5 Kc6 29. Rfd1 Nb6 30. Rxd8 Rxd8 31. Rxd8 Bxd8 32.
Kf1 Kd5 33. Ke2 a5 34. Bb1 a4 35. Kd3 a3 36. Nd2 Bf6 37. Ne4 Bd4 38. f3 Bg1 39. h3 Bd4 40. Bc2 Ke5 41. Nd2 Nd5 42. Bb1 Ne3 43.
b4 c4+ 44. Ke2 c3 45. Nb3 c2 46. Bxc2 Nxc2 47. Kd3 Nxb4+ 0-1

[Event "*** Titled Tuesday Blitz"]
[Site "Chess.com"]
[Date "2020.05.19"]
[Round "2"]
[White "Bigfish1995"]
[Black "cstevens1"]
[Result "1-0"]
[WhiteElo "2984"]
[BlackElo "2567"]
[TimeControl "180+1"]
[EndTime "12:18:54 PDT"]
[Termination "Bigfish1995 won by resignation"]

1. e4 c5 2. Nc3 e6 3. g3 d5 4. d3 dxe4 5. Nxe4 Nf6 6. Bg2 Nxe4 7.
Bxe4 Nd7 8. Nh3 Nf6 9. Bg2 e5 10.
O-O Bd6 11. f4 O-O 12. f5 c4 13. Be3 cxd3 14. cxd3 Bc7 15. Kh1 h6 16. g4 Bb6 17. Bxb6 Qxb6 18. g5 hxg5 19. Nxg5 Rd8 20. Qe2 Bd7 21. Qxe5 Bc6 22. Rg1 Qd4 23. Qxd4 Rxd4 24.
Bxc6 bxc6 25. Rac1 Rxd3 26. Rxc6 Kf8 27. Rc7 Rd7 28. Nh7+ Ke7 29. Rxd7+ Nxd7 30. Rxg7 Rc8 31. h3 Rc5 32. Rg5 Nf6 33. Nxf6 Kxf6 34. Rg2 Kxf5 35.
Kh2 f6 36. h4 Rc4 37. Kh3 Rc1 38. Rf2+ Kg6 39. b3 f5 40. Kg3 Kf6 41. Rh2 Rg1+ 42. Kf3 Rg8 43. h5 Rd8 44. h6 Kg6 45. h7 Rh8 46.
Kf4 1-0

[Event "*** Titled Tuesday Blitz"]
[Site "Chess.com"]
[Date "2020.05.19"]
[Round "2"]
[White "kuli4ik"]
[Black "FGHSMN"]
[Result "1-0"]
[WhiteElo "2785"]
[BlackElo "2508"]
[TimeControl "180+1"]
[EndTime "12:18:54 PDT"]
[Termination "kuli4ik won by checkmate"]

1. Nf3 Nf6 2. g3 b6 3. Bg2 Bb7 4. O-O c5 5. c4 e6 6. Nc3 Ke7 7. d4 cxd4 8. Qxd4 Nc6 9. Qd2 Ke8 10. e4 Bb4 11. Re1 d6 12. a3 Bxc3 13. Qxc3 Qe7 14.
b4 Rc8 15. Bf4 e5 16. Bg5 h6 17. Bxf6 Qxf6 18. Rad1 Ke7 19. c5 dxc5 20. bxc5 Rhd8 21.
cxb6 axb6 22. Qb3 Na5 23. Qb4+ Rc5 24. Rxd8 Kxd8 25. Rd1+ Kc7 26. Ne1 Nc6 27. Qb2 Nd4 28. Nd3 Rc2 29. Qb4 Ba6 30. Qe1 Kb7 31. h4 Ka7 32.
Rd2 Bxd3 33. Rxd3 Rc1 34. Rd1 Rxd1 35. Qxd1 Qd6 36. Qd3 Kb7 37. Qc4 f6 38. a4 Qc5 39.
Qf7+ Qc7 40. Qd5+ Ka7 41. Bf1 Qb7 42. Qg8 Qxe4 43. Qxg7+ Kb8 44. Bg2 Qe1+ 45. Kh2 Qxf2 46. Qb7# 1-0

[Event "*** Titled Tuesday Blitz"]
[Site "Chess.com"]
[Date "2020.05.19"]
[Round "2"]
[White "okriak"]
[Black "nabukatnezarr"]
[Result "1-0"]
[WhiteElo "2778"]
[BlackElo "2506"]
[TimeControl "180+1"]
[EndTime "12:18:54 PDT"]
[Termination "okriak won by resignation"]

1. Nf3 c5 2. c4 Nc6 3. d4 cxd4 4.
Nxd4 Nf6 5. Nc3 e5 6. Ndb5 Bb4 7. a3 Ba5 8. Nd6+ Kf8 9. b4 Bc7 10.
e3 Ne8 11. Nde4 f5 12. Ng3 d6 13. Be2 g6 14. Bb2 Nf6 15. Qd2 h5 16. h4 Qe7 17.
Nb5 Bb8 18. Rd1 Ne8 19. f4 a6 20. Nc3 Nf6 21. e4 exf4 22. Qxf4 d5 23. Qg5 d4 24. exf5 dxc3 25. Bxc3 Be5 26. Bxe5 Qxe5 27. O-O Nd4 28. Bd3 Rg8 29. fxg6 Qxg5 30. hxg5 h4 31. Nh1 Nf5 32.
Bxf5 Bxf5 33. Rxf5 Rxg6 34. Rxf6+ Rxf6 35. gxf6 Kf7 36. Rd7+ Kxf6 37. Rxb7 a5 38. Nf2 axb4 39. axb4 Ra1+ 40. Kh2 Ke5 41. c5 Kd5 42. Rd7+ Kc6 43.
Rd6+ Kc7 44. b5 Rc1 45. b6+ Kb7 46. Nd3 Rc3 47. Kh3 Ka6 48. Kxh4 Rc4+ 49. g4 Rc3 50. g5 Kb7 51. g6 1-0

[Event "*** Titled Tuesday Blitz"]
[Site "Chess.com"]
[Date "2020.05.19"]
[Round "2"]
[White "cassoulet"]
[Black "FranciscodelaF"]
[Result "1-0"]
[WhiteElo "2637"]
[BlackElo "2353"]
[TimeControl "180+1"]
[EndTime "12:18:54 PDT"]
[Termination "cassoulet won by checkmate"]

1. e4 e6 2. d4 d5 3. Nc3 Bb4 4. e5 b6 5. a3 Bxc3+ 6. bxc3 Qd7 7. Qg4 f5 8. Qg3 Ba6 9. Ne2 Nc6 10. h4 Qf7 11. h5 O-O-O 12. Nf4 Bxf1 13. Kxf1 Kb7 14.
a4 Na5 15. Rh4 Ne7 16. Rb1 Rdg8 17. Qg5 h6 18. Qg3 g5 19. hxg6 Nxg6 20. Nxg6 Rxg6 21. Qf3 h5 22. Rb4 Rg4 23. g3 Nc4 24. Rxc4 a5 25. Ba3 Qd7 26. Ke2 c6 27. Rc5 bxc5 28. Bxc5 Ka6 29. Qd3+ Kb7 30. Rh1 Rb8 31. Rb1+ Kc8 32. Rxb8+ Kxb8 33. Qa6 Qb7 34. Bd6+ Kc8 35. Qxa5 Kd7 36. Bb4 h4 37. Qc5 Kc8 38. Qf8+ Kc7 39. Bd6+ Kb6 40. Qd8+ Ka6 41. Bb4 Ka7 42. Bc5+ Ka6 43.
Bb4 Ka7 44. Kd2 hxg3 45. fxg3 Rxg3 46. Bc5+ Ka6 47. Bb4 Ka7 48. Qa5+ Kb8 49. Bd6+ Kc8 50.
Bb4 Rg8 51. Qc5 Qc7 52. a5 Re8 53. a6 Kd7 54. Ba5 Qc8 55. Qd6# 1-0

[Event "*** Titled Tuesday Blitz"]
[Site "Chess.com"]
[Date "2020.05.19"]
[Round "2"]
[White "ErikRonka"]
[Black "Gandrade2"]
[Result "1-0"]
[WhiteElo "2381"]
[BlackElo "2042"]
[TimeControl "180+1"]
[EndTime "12:18:54 PDT"]
[Termination "ErikRonka won by resignation"]

1. e4 c6 2. Nf3 d5 3. Nc3 Nf6 4. e5 Ne4 5. Ne2 Qb6 6. d4 Bg4 7. Nfg1 Bxe2 8. Bxe2 h6 9. Nf3 e6 10. O-O Nd7 11. c3 c5 12. a3 Be7 13. Qe1 Rc8 14.
b4 cxd4 15. cxd4 Qc7 16. Be3 O-O 17. Bd3 Nb6 18. Qe2 a6 19. Rfc1 Qd7 20. Nd2 Nc3 21. Qe1 Nba4 22. Nb3 Nb5 23. Nc5 Nxc5 24. bxc5 f6 25.
Qe2 fxe5 26. dxe5 d4 27. Bd2 Rxc5 28. Qe4 Rf5 29. Rxc5 Bxc5 30. g4 Rf8 31. Qh7+ Kf7 32. Bxh6 Ke8 33. Bxg7 Bxa3 34. Bxf8 Qxh7 35. Bxh7 Bxf8 36.
Bd3 Nc3 37. h4 Nd5 38. g5 Nf4 39. Be4 d3 40. Bxb7 d2 41. Bxa6 Nd3 42. Bxd3 Bb4 43. Rd1 Kf7 44. Kg2 Kg7 45. Kg3 1-0

[Event "*** Titled Tuesday Blitz"]
[Site "Chess.com"]
[Date "2020.05.19"]
[Round "2"]
[White "Zufi1811"]
[Black "Guenplen"]
[Result "0-1"]
[WhiteElo "2572"]
[BlackElo "2996"]
[TimeControl "180+1"]
[EndTime "12:18:55 PDT"]
[Termination "Guenplen won by resignation"]

1. e4 c5 2. Nf3 e6 3. d4 cxd4 4. Nxd4 Nf6 5. Nc3 Nc6 6. Ndb5 Bc5 7. Nd6+ Ke7 8. Bf4 e5 9. Nf5+ Kf8 10. Bg5 d6 11. Bxf6 Qxf6 12. Nd5 Qd8 13. Nfe3 g6 14. c3 a6 15. b4 Ba7 16. Bd3 Be6 17. O-O Rc8 18.
Qd2 Kg7 19. Kh1 Ne7 20. Nxe7 Qxe7 21. f4 exf4 22. Rxf4 Qg5 23. Raf1 Rhf8 24. h3 Bxe3 25.
Qxe3 Qe5 26. c4 Bxc4 27. Bxc4 Rxc4 28. Qb6 Rxe4 29. Rxe4 Qxe4 30. Qxd6 Kg8 31. a3 Re8 32.
Rf3 Qe1+ 33. Kh2 Qe5+ 34. Qxe5 Rxe5 35. Rc3 b5 36. Rc6 Re6 37. Rc8+ Kg7 38. Ra8 g5 39. Kg3 h5 40. Kh2 h4 41. Kg1 Kg6 42. Kf2 Kf5 43. Ra7 f6 44. Ra8 Kf4 45. Ra7 Rc6 46. Rf7 f5 47.
Rd7 Rc2+ 48. Kg1 Rc3 49. Rd4+ Ke5 50. Rd8 Rxa3 0-1

[Event "*** Titled Tuesday Blitz"]
[Site "Chess.com"]
[Date "2020.05.19"]
[Round "2"]
[White "maciek_92"]
[Black "ama18"]
[Result "1-0"]
[WhiteElo "2737"]
[BlackElo "2491"]
[TimeControl "180+1"]
[EndTime "12:18:56 PDT"]
[Termination "maciek_92 won on time"]

1. e4 c5 2. Nf3 d6 3. d4 cxd4 4.
Nxd4 Nf6 5. Nc3 a6 6. h3 Nc6 7. g4 g6 8. Bg2 Bg7 9. Be3 Qc7 10. g5 Nd7 11. Nd5 Qd8 12. h4 e6 13.
Nc3 Qc7 14. h5 Nde5 15. h6 Bf8 16. Nxc6 Nxc6 17. Qe2 b5 18. Nd5 exd5 19. exd5 Ne5 20. Bd4 Be7 21. f4 Bg4 22. Qe3 Nc4 23. Qg3 O-O 24.
Qxg4 Rfe8 25. O-O Bf8 26. Rfe1 a5 27. Qf3 f5 28. Qd3 a4 29. a3 Rab8 30. Kh2 Qd7 31.
Bc3 Qa7 32. Bd4 Qc7 33. Re6 Qd7 34. Rae1 Re7 35. Bf6 Rf7 36. Bc3 Qa7 37. Kg3 Rc8 38. Bd4 Qc7 39. Bc3 Nxa3 40. Qd4 Bg7 41. Re8+ 1-0

[Event "*** Titled Tuesday Blitz"]
[Site "Chess.com"]
[Date "2020.05.19"]
[Round "2"]
[White "GoValya"]
[Black "wnstop"]
[Result "0-1"]
[WhiteElo "2205"]
[BlackElo "2603"]
[TimeControl "180+1"]
[EndTime "12:18:56 PDT"]
[Termination "wnstop won by checkmate"]

1. d4 Nf6 2. c4 g6 3. g3 Bg7 4. Bg2 O-O 5. Nc3 d6 6. Nf3 Nc6 7. O-O Bf5 8. d5 Na5 9. Nd2 c5 10. h3 a6 11. e4 Bd7 12. Qe2 Rb8 13.
a4 e6 14. dxe6 Bxe6 15. Rd1 Nd7 16. Ra3 Ne5 17. b3 Nac6 18. Bb2 Nd4 19. Qf1 f5 20. Ne2 Nxe2+ 21. Qxe2 f4 22. gxf4 Rxf4 23. Bxe5 Bxe5 24. Nf3 Qf6 25. Nxe5 dxe5 26. Ra2 Rf8 27. Qe3 Qe7 28. Rad2 Kg7 29. Kh2 h5 30. Qc3 Qg5 31. Qe3 Qh4 32. Qxc5 Bxh3 33. Qxe5+ Kh6 34. Qxf4+ Rxf4 35. Bxh3 Rxf2+ 36. Rxf2 Qxf2+ 37. Bg2 Qh4+ 38. Kg1 Qf4 39. Rf1 Qe3+ 40.
Kh2 Qxb3 41. Rf3 Qxc4 42. Rg3 Qc7 43. Kh3 Qe5 44. Rd3 g5 45. Rd5 g4+ 46. Kh4 Qh2+ 47. Bh3 Qxh3# 0-1

[Event "*** Titled Tuesday Blitz"]
[Site "Chess.com"]
[Date "2020.05.19"]
[Round "2"]
[White "vovachesss"]
[Black "WeAintSurePal"]
[Result "1-0"]
[WhiteElo "2612"]
[BlackElo "2312"]
[TimeControl "180+1"]
[EndTime "12:18:56 PDT"]
[Termination "vovachesss won by checkmate"]

1. d4 d5 2. Nc3 c6 3. Bf4 Nf6 4.
e3 Bf5 5. Nf3 e6 6. Ne5 Nbd7 7.
g4 Bg6 8. h4 h6 9. Nxg6 fxg6 10.
Bd3 Kf7 11. Qf3 Bb4 12. g5 hxg5 13. Bxg5 e5 14. dxe5 Nxe5 15. Qg3 Bd6 16. f4 Nxd3+ 17. cxd3 d4 18. Ne4 Qa5+ 19. Ke2 Nxe4 20. dxe4 Qb5+ 21. Kf3 dxe3 22. Rae1 Rae8 23. Rhg1 Qxb2 24. Rxe3 Bc5 25. Rb3 Qd4 26. Re1 b5 27. Qg2 Re6 28. Qc2 Rhe8 29.
Rd3 Qb4 30. Rd7+ Kg8 31. Re2 Rd6 32. Rxd6 Bxd6 33. Qxc6 Rf8 34. Qd5+ Kh7 35. e5 Bc5 36. Qe4 Qc3+ 37. Kg4 Rd8 38. h5 Rd3 39. hxg6+ Kg8 40. Rg2 Rh3 41. Qa8+ Bf8 42. Qd5+ Kh8 43. e6 Qe3 44. e7 Bxe7 45. Qa8+ Bf8 46. Qxf8# 1-0

[Event "*** Titled Tuesday Blitz"]
[Site "Chess.com"]
[Date "2020.05.19"]
[Round "2"]
[White "novocane"]
[Black "woodhy"]
[Result "0-1"]
[WhiteElo "2222"]
[BlackElo "2448"]
[TimeControl "180+1"]
[EndTime "12:18:56 PDT"]
[Termination "woodhy won on time"]

1. d4 Nf6 2. c4 e6 3. Nc3 Bb4 4. e3 b6 5. Ne2 Bb7 6. a3 Be7 7. d5 O-O 8. Ng3 Re8 9. Be2 d6 10. O-O Nbd7 11. e4 exd5 12. cxd5 Bf8 13. f3 g6 14. Be3 Bg7 15. Qd2 Nc5 16. Rad1 a5 17. Nb5 Nb3 18. Qc3 Nc5 19. Qd2 a4 20. Nd4 Nb3 21. Nxb3 axb3 22. Bh6 Nd7 23. Bxg7 Kxg7 24. Bc4 Nc5 25. Bxb3 Qf6 26. Bc4 h5 27. b4 Nd7 28. f4 Rxa3 29. e5 Qh4 30. e6 Nf6 31. f5 Qxc4 32. exf7 Kxf7 33. fxg6+ Kxg6 34. Rxf6+ Kxf6 35. Qh6+ Ke7 36. Qg5+ Kd7 37. Qf5+ Kd8 38. Qf6+ Kc8 39. Qf7 Rd8 40. Nf5 Ra2 41. Ne7+ Kb8 42. Qf6 Re8 43. Qf7 Rh8 0-1

[Event "*** Titled Tuesday Blitz"]
[Site "Chess.com"]
[Date "2020.05.19"]
[Round "2"]
[White "top_bu_tz"]
[Black "Olga_Girya"]
[Result "1-0"]
[WhiteElo "2227"]
[BlackElo "2425"]
[TimeControl "180+1"]
[EndTime "12:18:56 PDT"]
[Termination "top_bu_tz won on time"]

1. e4 c6 2. Nc3 d5 3. Nf3 Bg4 4.
h3 Bxf3 5. Qxf3 e6 6. Be2 Nf6 7.
d3 Bc5 8. O-O Nbd7 9. Qg3 O-O 10.
Bg5 Bd4 11. Bh6 Ne8 12. Be3 Bxe3 13. fxe3 Qc7 14. Qxc7 Nxc7 15. exd5 Nxd5 16. e4 Nxc3 17. bxc3 e5 18. a4 Nc5 19. Rfb1 Rad8 20. Kf2 f5 21. Ke3 f4+ 22. Kf3 Rf6 23. Rb4 Rg6 24. a5 Rd7 25.
Kf2 Rgd6 26. Bf3 Kf8 27. Ke2 Ke8 28. Rd1 Kd8 29. Bg4 Re7 30. Bf3 Kc7 31. Rdb1 Kb8 32. Kf2 g6 33. d4 exd4 34. cxd4 Na6 35. Rc4 Kc7 36. e5 Rd8 37. c3 Nb8 38. Rcb4 Nd7 39. Rxb7+ Kc8 40. Bxc6 Rf8 41. Rxa7 Kd8 42. Rbb7 1-0

[Event "*** Titled Tuesday Blitz"]
[Site "Chess.com"]
[Date "2020.05.19"]
[Round "2"]
[White "FMOlexandrProhorov"]
[Black "KanseiMigatte"]
[Result "0-1"]
[WhiteElo "2120"]
[BlackElo "2404"]
[TimeControl "180+1"]
[EndTime "12:18:56 PDT"]
[Termination "KanseiMigatte won on time"]

1. e4 e6 2. d4 d5 3. Nc3 Nf6 4.
Nge2 dxe4 5. Ng3 Bb4 6. Bg5 Nbd7 7. Nxe4 h6 8. Bxf6 Nxf6 9. Qf3 Nxe4 10. Qxe4 Bxc3+ 11.
bxc3 Bd7 12. Bd3 Bc6 13. Qg4 Qg5 14. Qxg5 hxg5 15. O-O O-O 16. Rfe1 Rfe8 17. Rab1 b6 18. Bb5 Bxb5 19. Rxb5 f6 20. c4 Kf7 21. Kf1 Rad8 22. c3 c6 23. Rb2 e5 24. dxe5 Rxe5 25. Rxe5 fxe5 26. Ke2 Ke6 27. Ke3 g4 28. a4 Rh8 29. h4 gxh3 30. gxh3 Rxh3+ 31. f3 g5 32.
Rg2 Kf5 33. Rg4 Rh1 34. c5 Ra1 35. Rc4 bxc5 36. Rxc5 Rxa4 37. Rxc6 a5 38. Rc8 Ra3 39. Rf8+ Ke6 40. Rc8 a4 41. Ke4 Ra1 42. Rc6+ Kd7 43. Ra6 a3 44. Kxe5 a2 45. Kf5 Kc7 46. c4 Kb7 47.
Ra3 Kb6 48. Ra8 g4 0-1

[Event "*** Titled Tuesday Blitz"]
[Site "Chess.com"]
[Date "2020.05.19"]
[Round "2"]
[White "PauloFanha"]
[Black "Rakesh"]
[Result "0-1"]
[WhiteElo "1954"]
[BlackElo "2363"]
[TimeControl "180+1"]
[EndTime "12:18:56 PDT"]
[Termination "Rakesh won by resignation"]

1. e4 c5 2. Nf3 e6 3. c3 Nf6 4.
Bd3 d5 5. e5 Nfd7 6. Bc2 Nc6 7.
d4 Be7 8. O-O O-O 9. Qd3 g6 10.
Bh6 Re8 11. Nbd2 cxd4 12. cxd4 Nb4 13. Qc3 b6 14. Rfc1 Ba6 15. Ba4 Rc8 16. Qe3 Nd3 17. Rxc8 Qxc8 18. Bxd7 Qxd7 19. b3 Rc8 20. Ng5 Rc2 21.
h4 Qc8 22. Qf3 Qe8 23. Nf1 Rxf2 24. Qh3 Nf4 25. Qe3 Rxg2+ 26. Kh1 Rg4 27. Qf2 Bxg5 28. hxg5 Qb5 29. Ne3 Qe2 30. Qxe2 Bxe2 31. Nxg4 Bxg4 32.
Rc1 Bf3+ 33. Kh2 f5 34. Kg3 Ne2+ 35. Kxf3 Nxc1 36. Ke3 Nxa2 37. Kd2 a5 38. Kc2 Kf7 39. Kb2 Nb4 40. Kc3 b5 41. Kd2 Nc6 42. Kc3 a4 43.
bxa4 bxa4 44. Kd3 f4 45. Ke2 Nxd4+ 0-1

[Event "*** Titled Tuesday Blitz"]
[Site "Chess.com"]
[Date "2020.05.19"]
[Round "2"]
[White "konradrutkowski"]
[Black "crywolf1986"]
[Result "1-0"]
[WhiteElo "2298"]
[BlackElo "2487"]
[TimeControl "180+1"]
[EndTime "12:18:57 PDT"]
[Termination "konradrutkowski won on time"]

1. e4 c6 2. d4 d5 3. Nc3 dxe4 4. Nxe4 Bf5 5. Ng3 Bg6 6. h4 h6 7. Nh3 e5 8. dxe5 Qa5+ 9. c3 Qxe5+ 10. Be2 Bc5 11.
Nf4 Ne7 12. O-O O-O 13. Bc4 Qf6 14. Qg4 Bf5 15. Nxf5 Qxf5 16. Qg3 Qe5 17. Qf3 Nf5 18. Nd3 Qf6 19. Nxc5 b5 20. Bd3 Nxh4 21. Qxf6 gxf6 22.
Bxh6 Re8 23. Rfe1 Rd8 24. Rad1 Rc8 25. Re4 Ng6 26. Rde1 Ne5 27. Bc2 Nbd7 28. Nxd7 Nxd7 29. Rg4+ Kh8 30. Bg7+ Kg8 31. Bxf6+ Kf8 32. Be7+ Ke8 33.
Rg8+ Nf8 34. Rxf8+ Kd7 35. Bf5+ Kc7 36. Rxf7 Kb6 37. b4 Rd8 38. Bc5+ Ka6 39. Ree7 1-0

[Event "*** Titled Tuesday Blitz"]
[Site "Chess.com"]
[Date "2020.05.19"]
[Round "2"]
[White "GMJustin"]
[Black "canary2016"]
[Result "1-0"]
[WhiteElo "2362"]
[BlackElo "1951"]
[TimeControl "180+1"]
[EndTime "12:18:57 PDT"]
[Termination "GMJustin won by checkmate"]

1. e4 e5 2. Bc4 Nf6 3. d3 Bc5 4. Nc3 d6 5. f4 Nc6 6. Nf3 Bg4 7. h3 Bxf3 8. Qxf3 Nd4 9. Qd1 Nd7 10. Ne2 Qh4+ 11. g3 Nf3+ 12. Kf1 Qf6 13. Kg2 Nd4 14. c3 Nxe2 15. Qxe2 O-O-O 16. Rf1 Rhe8 17. fxe5 Qxe5 18.
d4 Qxe4+ 19. Qxe4 Rxe4 20. Bd3 Re7 21. dxc5 Nxc5 22. Bf5+ Kb8 23. Bf4 Rde8 24. b4 Re2+ 25. Rf2 g6 26. bxc5 gxf5 27. Rf1 dxc5 28. Rxe2 Rxe2+ 29. Rf2 Re6 30. Bg5 f6 31. Bh4 b6 32.
Rxf5 Kb7 33. Rxf6 Re2+ 34. Rf2 Re3 35. Bf6 Rd3 36. g4 b5 37. g5 a5 38. h4 b4 39.
cxb4 axb4 40. h5 c4 41. g6 hxg6 42. hxg6 c3 43. g7 Rd2 44. g8=Q c2 45. Bb2 Rd1 46. Rxc2 Rb1 47. Qf7 Re1 48. Qxc7+ Ka6 49. Rc6+ Kb5 50.
Qb7+ Ka4 51. Qa6# 1-0